 Dungeon Sprint DCSS version 0.21-a0-444-g29a2fec (webtiles) character file.

10 Kikal the Magician (level 2, -5/20 HPs)
             Began as a Demigod Fire Elementalist on Nov 17, 2017.
             Slain by a jumping spider (12 damage)
             ... in the Dungeon (Sprint V: "Ziggurat Sprint").
             The game lasted 00:04:48 (110 turns).

Kikal the Magician (Demigod Fire Elementalist)       Turns: 110, Time: 00:04:49

Health: -5/20      AC:  2    Str: 17    XL:     2   Next: 0%
Magic:  4/9        EV:  6    Int: 25    God:
Gold:   0          SH:  0    Dex: 16    Spells: 5/8 levels left

rFire    . . .     SeeInvis .   K - +6 shillelagh "Devastator" {shatter}
rCold    . . .     Gourm    .   (no shield)
rNeg     . . .     Faith    .   a - +0 robe
rPois    .         Spirit   .   (no helmet)
rElec    .         Reflect  .   (no cloak)
rCorr    .         Harm     .   (no gloves)
MR       .....     NoTele   +   (no boots)
Stlth    ++........             (no amulet)
HPRegen  0.06/turn              C - +6 ring of strength
MPRegen  0.11/turn              A - +6 ring of intelligence

@: held
A: high mp 1
a: no special abilities


You were in the Dungeon.
You were not hungry.

You visited 1 branch

Inventory:

Hand Weapons
 K - the +6 shillelagh "Devastator" (weapon) {shatter}
   (You found it in the Dungeon)
 L - a +5 demon whip
Armour
 a - a +0 robe (worn)
 M - a +3 buckler
 N - a +3 shield
Magical Staves
 I - an uncursed staff of energy
Jewellery
 y - a +6 ring of dexterity
 z - a +6 ring of dexterity
 A - a +6 ring of intelligence (right hand)
 B - a +6 ring of intelligence
 C - a +6 ring of strength (left hand)
 D - a +6 ring of strength
Wands
 E - a wand of disintegration (7/24)
 F - a wand of iceblast (5/15)
 G - a wand of lightning (5/15)
 H - a wand of acid (5/15)
Scrolls
 i - 4 scrolls of blinking
 p - 4 scrolls of amnesia
 q - 3 scrolls of recharging
 r - 7 scrolls of fog
 s - a scroll of holy word
 t - 5 scrolls of identify
 u - 5 scrolls of remove curse
 v - 2 scrolls of fear
Potions
 d - 10 potions of curing
 e - 10 potions of heal wounds
 f - 6 potions of haste
 g - 7 potions of magic
 h - 3 potions of berserk rage
 j - 2 potions of brilliance
 k - 2 potions of invisibility
 l - 4 potions of resistance
 n - 5 potions of agility
 o - 5 potions of might
Books
 b - a book of Flames

   Spells                             Type                      Level
   a - Flame Tongue                   Conjuration/Fire             1
   b - Throw Flame                    Conjuration/Fire             2
   c - Conjure Flame                  Conjuration/Fire             3
   d - Inner Flame                    Hexes/Fire                   3
   e - Sticky Flame                   Conjuration/Fire             4
   f - Fireball                       Conjuration/Fire             5
Miscellaneous
 J - a crystal ball of energy
Comestibles
 c - 5 bread rations
 w - 42 fruits
 x - 4 meat rations


   Skills:
 - Level 3.6 Maces & Flails
 - Level 1.7 Dodging
 - Level 1.7 Stealth
 - Level 3.6 Shields
 + Level 3.9 Spellcasting
 + Level 0.8 Conjurations
 + Level 2.6 Fire Magic


You had 5 spell levels left.
You knew the following spells:

 Your Spells              Type           Power        Failure   Level  Hunger
a - Flame Tongue          Conj/Fire      ##...        4%          1    None
b - Throw Flame           Conj/Fire      ##....       7%          2    #......


Dungeon Overview and Level Annotations

Branches:
Dungeon (1/1)

Annotations:
D 1 transporter


Innate Abilities, Weirdness & Mutations

You have an increased reservoir of magic. (+10% MP)


Message History

You enter the transporter and appear at another place.
A jumping spider and a scorpion come into view.
Found a box of beasts and a book of Changes.
Found a transporter.
Cast which spell? (? or * to list)
Aiming: Throw Flame
Press: ? - help, Shift-Dir - straight line, f - jumping spider
Aim: a jumping spider (resting)
The puff of flame hits the jumping spider.
The jumping spider is moderately wounded.
The jumping spider hisses angrily.
You now have 4/9 mp.
You hit the jumping spider.
The jumping spider and the scorpion shudder.
The jumping spider is heavily wounded.
The scorpion is heavily wounded.
The jumping spider is heavily wounded.
The jumping spider pounces on you!
You are caught in a web!
The jumping spider bites you. The jumping spider pounces on you!
Ouch! That really hurt!
You die...

▓▓▓▓▓▓▓
▓.8©8.▓
▓.....▓
▓.:.}.▓
▓.....▓
▓.ss..▓
▓..@..▓
▓▓▓▓▓▓▓


You could see a jumping spider and a scorpion.

Vanquished Creatures (others)
  Ijyb (D)
1 creature vanquished.

Notes
Turn   | Place    | Note
-------+----------+-------------------------------------------
     0 | D        | Found the +6 Majin-Bo {vamp, Archmagi MP+6 Int+6}
     0 | D        | Found the +7 great mace "Firestarter" {inner flame, rF++}
     0 | D        | Kikal the Demigod Fire Elementalist began the quest for the Orb.
     0 | D        | Reached XP level 1. HP: 14/14 MP: 5/5
     0 | D        | Found a deep blue altar of Sif Muna.
     0 | D        | Found a bloodstained altar of Trog.
     0 | D        | Found a sacrificial altar of Ru.
     0 | D        | Found a stormy altar of Qazlal.
     0 | D        | Found an iron altar of Okawaru.
     1 | D        | Found a sparkling altar of Nemelex Xobeh.
     1 | D        | Found a blossoming altar of Fedhas.
     2 | D        | Killed Ijyb
     3 | D        | Found a transporter.
     3 | D        | Found an ancient bone altar of Kikubaaqudgha.
     3 | D        | Found a viscous altar of Jiyva.
     3 | D        | Found a corrupted altar of Lugonu.
     3 | D        | Found a hazy altar of Hepliaklqana.
     3 | D        | Found a burning altar of Makhleb.
     3 | D        | Found an opulent altar of Gozag.
    21 | D        | Found the +9 heavy crossbow "Sniper" {velocity, Acc+∞ SInv}
    21 | D        | Found the +10 dark maul {crush}
    21 | D        | Found the +15 Maxwell's patent armour {-Cast -Tele rElec MR+ rCorr}
    21 | D        | Found the +18 shield of the Gong {rElec rN+ MR+ EV-5}
    21 | D        | Found the cursed +14 obsidian axe {chop, +Fly SInv *Curse}
    50 | D        | Found the +6 shillelagh "Devastator" {shatter}
    50 | D        | Found the +11 plutonium sword {*Contam Stlth-}
    50 | D        | Found the +8 lance "Wyrmbane" {slay drac, rPois rF+ rC+ AC+3}
    50 | D        | Found the +9 sword of Zonguldrok {reap}
    50 | D        | Found the cursed +13 scythe of Curses {drain, *Curse}
    50 | D        | Found the +0 sword of Power
    50 | D        | Found the -3 mace of Variability {chaos}
    50 | D        | Found the +7 Singing Sword
    50 | D        | Found the +7 longbow "Piercer" {penet, EV-2}
    93 | D        | Reached XP level 2. HP: 20/20 MP: 5/9
    97 | D        | Learned a level 2 spell: Throw Flame
   108 | D        | Entered arena 2.
   108 | D        | Noticed a scorpion
   108 | D        | Noticed a jumping spider
   108 | D        | Found a transporter.
   110 | D        | Slain by a jumping spider

Vault maps used:
D:        sprint_v

Skill      XL: |  1 |
---------------+----+-----
Maces & Flails | 3 |  3.6
Shields        | 3 |  3.6
Spellcasting   | 3 |  3.9
Dodging        | |  1.7
Stealth        | |  1.7
Conjurations   | |  0.8
Fire Magic     | |  2.6

Action                   || total
-------------------------++-------
Melee: Shillelagh        ||     1
 Cast: Throw Flame       ||     1
  Use: Potion            ||     1

Table legend:
 A = Spawn XP
 B = Non-spawn XP
 C = Spawn XP percentage of total XP
 D = Spawn monster count
 E = Non-spawn monster count
 F = Spawn count percentage of total count
 G = Total turns spent on level
                    A         B        C        D         E        F      G
               +---------+---------+-------+---------+---------+-------+---------
         Total |       0 |       0 |   N/A |       0 |       0 |   N/A |   110
               +---------+---------+-------+---------+---------+-------+---------
               +---------+---------+-------+---------+---------+-------+---------
